Map: Thunderbird LE

Players

Reynor - Winner!

  • Race: Zerg Zerg
  • Spawn Location: 5:00

Elazer

  • Race: Zerg Zerg
  • Spawn Location: 11:00

VOD

Have the link to the VOD?

Description

Time

  • Played on: Sept. 8, 2019, 10:33 a.m.
  • Length: 11:59
Show
View Real Time Build Order
Export as new Build Order

Reynor Zerg - Winner!

Build Orders: Hatch First 

Get SALT Encoding   

  12  0:01  Drone  
  13  0:13  Overlord  
  13  0:17  Drone  
  14  0:31  Drone x2  
  16  0:48  Hatchery  
  15  0:51  Drone  
  15  0:54  Drone  
  17  0:58  Drone  
  18  1:08  Extractor  
  17  1:13  Spawning Pool  
  17  1:16  Drone  
  17  1:20  Drone  
  18  1:28  Drone  
  19  1:39  Drone  
  20  1:49  Overlord  
  20  1:59  Queen x2  
  20  2:00  Drone x2  
  26  2:11  Drone x2  
  28  2:22  Drone x2  
  30  2:33  Hatchery  
  30  2:36  Drone  
  30  2:38  Drone  
  30  2:43  Overlord, Zergling x2  
  32  2:50  Queen  
  34  2:53  Drone  
  34  2:55  Drone  
  36  3:02  Evolution Chamber  
  36  3:04  Drone  
  36  3:05  Drone  
  37  3:07  Drone  
  37  3:08  Drone x2  
  37  3:10  Overlord  
  37  3:11  Drone  
  37  3:12  Drone  
  42  3:17  Drone  
  42  3:19  Drone  
  44  3:27  Queen  
  44  3:28  Zerg Missile Weapons Level 1  
  44  3:29  Drone x2  
  48  3:39  Roach Warren  
  47  3:41  Drone x2  
  47  3:46  Drone x4  
  53  3:51  Lair  
  53  3:52  Overlord  
  53  3:53  Drone  
  53  3:56  Drone  
  53  3:58  Drone x2  
  53  4:00  Drone  
  57  4:03  Drone  
  57  4:06  Extractor  
  57  4:07  Drone, Extractor  
  57  4:08  Overlord  
  57  4:14  Drone  
  57  4:15  Drone  
  59  4:23  Drone x4  
  63  4:24  Extractor  
  63  4:26  Roach  
  68  4:31  Roach x2  
  68  4:35  Extractor  
  68  4:36  Roach x3  
  73  4:39  Drone  
  73  4:40  Overlord x2  
  73  4:44  Overlord  
  74  4:49  Glial Reconstitution  
  74  4:56  Overlord  
  74  4:58  Drone  
  74  4:59  Drone x6, Extractor  
  80  5:00  Overseer  
  80  5:03  Roach  
  80  5:04  Roach  
  84  5:07  Drone x3  
  84  5:10  Roach  
  84  5:11  Roach  
  84  5:13  Roach x2  
  95  5:14  Spine Crawler  
  95  5:16  Roach x2  
  98  5:22  Roach  
  98  5:24  Overlord x2  
  100  5:29  Overlord  
  100  5:37  Overlord  
  100  5:39  Zerg Missile Weapons Level 2  
  100  5:43  Ravager  
  100  5:45  Roach x6  
  100  5:48  Roach x3  
  119  5:50  Ravager  
  119  5:54  Overlord  
  119  5:55  Roach  
  119  5:56  Roach  
  124  5:59  Roach  
  126  6:04  Drone x3  
  126  6:05  Drone  
  126  6:09  Overlord  
  126  6:11  Overlord  
  130  6:14  Drone, Pneumatized Carapace  
  130  6:15  Roach x3  
  137  6:22  Overlord  
  135  6:25  Roach  
  135  6:26  Roach  
  135  6:32  Roach x2  
  135  6:34  Roach x3  
  135  6:36  Overlord  
  141  6:41  Hatchery, Roach x3  
  147  6:47  Hatchery, Ravager  
  147  6:48  Roach x3  
  147  6:53  Roach  
  155  6:56  Roach  
  155  6:59  Roach  
  159  7:02  Roach x3  
  159  7:06  Roach  
  165  7:11  Roach x2  
  169  7:16  Overlord x2  
  169  7:23  Tunneling Claws, Burrow  
  169  7:26  Hatchery  
  159  7:30  Roach x6  
  159  7:33  Roach  
  159  7:36  Roach x2  
  173  7:43  Roach  
  149  7:49  Roach x5  
  159  7:52  Drone  
  159  7:56  Evolution Chamber  
  159  7:57  Ravager x2  
  159  7:58  Roach  
  161  8:01  Roach x4  
  161  8:04  Ravager  
  170  8:08  Overlord  
  170  8:09  Roach  
  170  8:10  Ravager  
  173  8:13  Roach  
  173  8:14  Overlord  
  173  8:15  Roach x2  
  173  8:19  Roach x4  
  181  8:21  Roach  
  181  8:24  Roach  
  134  8:34  Roach  
  134  8:35  Roach x4  
  134  8:38  Roach x2  
  132  8:43  Roach x4  
  132  8:46  Zerg Ground Armor Level 1  
  140  8:49  Ravager, Roach x3  
  140  8:50  Ravager  
  140  8:51  Queen  
  140  8:55  Roach  
  152  8:56  Roach x3  
  152  8:57  Roach x4  
  160  9:03  Ravager  
  160  9:09  Roach x4  
  167  9:15  Extractor  
  162  9:18  Roach x2  
  162  9:19  Roach x5  
  174  9:29  Roach x6  
  182  9:31  Roach x4  
  178  9:43  Roach x8  
  195  9:45  Ravager  
  195  9:46  Roach  
  195  9:47  Roach  
  198  10:00  Roach  
  198  10:04  Drone  
  198  10:06  Roach x2  
  198  10:13  Roach x7  
  182  10:23  Roach x7  
  182  10:26  Drone x2  
  190  10:31  Roach x2  
  182  10:36  Roach x2  
  186  10:47  Roach x2  
  186  10:48  Roach x2  
  194  10:51  Ravager x2  
  200  10:57  Roach x2  
  187  11:18  Roach x3  
  187  11:26  Roach x3  
  187  11:28  Overlord x3  
  179  11:35  Roach x7  
  179  11:39  Roach  
Show
View Real Time Build Order
Export as new Build Order

Elazer Zerg 

Build Orders: Hatch First, Roach Nydus 

Get SALT Encoding   

  12  0:00  Drone  
  13  0:12  Overlord  
  13  0:17  Drone  
  14  0:31  Drone x2  
  14  0:35  Drone  
  17  0:50  Hatchery  
  17  0:54  Drone  
  17  1:07  Spawning Pool  
  17  1:10  Drone  
  17  1:13  Drone  
  17  1:17  Drone  
  19  1:28  Drone  
  20  1:39  Hatchery  
  19  1:42  Drone  
  20  1:54  Queen  
  22  2:02  Queen  
  22  2:04  Overlord  
  22  2:08  Drone  
  25  2:11  Drone  
  25  2:13  Zergling x2  
  25  2:15  Drone  
  28  2:24  Drone x2  
  30  2:30  Queen  
  30  2:32  Drone  
  30  2:35  Drone  
  34  2:39  Queen  
  36  2:48  Overlord  
  36  2:51  Drone x2  
  38  2:55  Drone  
  38  2:56  Drone  
  40  3:02  Drone x2  
  40  3:04  Extractor  
  40  3:05  Extractor  
  40  3:07  Drone  
  40  3:08  Drone x3  
  40  3:12  Drone  
  45  3:17  Drone  
  45  3:18  Drone  
  46  3:24  Drone  
  47  3:29  Drone x2  
  47  3:31  Evolution Chamber  
  47  3:34  Drone  
  49  3:37  Roach Warren  
  49  3:38  Drone  
  49  3:39  Drone  
  49  3:40  Overlord  
  50  3:42  Evolution Chamber  
  50  3:44  Drone  
  50  3:51  Lair, Overlord, Extractor  
  50  3:53  Drone  
  50  3:59  Drone x6  
  50  4:01  Drone  
  58  4:03  Extractor  
  58  4:05  Overlord  
  58  4:06  Drone  
  58  4:08  Zerg Missile Weapons Level 1  
  58  4:10  Drone x2  
  58  4:12  Drone  
  58  4:14  Drone x2  
  63  4:17  Drone  
  63  4:18  Overlord  
  63  4:19  Drone  
  63  4:21  Drone  
  63  4:24  Drone x2  
  67  4:26  Drone  
  67  4:29  Overlord, Extractor  
  68  4:33  Roach x2  
  68  4:35  Overlord  
  68  4:37  Roach  
  74  4:39  Roach  
  74  4:44  Roach x3  
  82  4:47  Overlord, Glial Reconstitution  
  82  4:49  Roach  
  82  4:51  Roach  
  86  4:55  Roach x2  
  86  4:57  Roach  
  86  4:58  Roach  
  94  5:01  Roach x2  
  94  5:06  Overlord  
  98  5:09  Overlord  
  98  5:13  Roach  
  98  5:14  Roach x3  
  106  5:21  Overlord  
  106  5:22  Overlord  
  106  5:24  Roach  
  106  5:25  Roach x3  
  114  5:29  Roach x2  
  114  5:30  Roach  
  114  5:35  Nydus Network  
  119  5:36  Overseer  
  119  5:41  Roach x4  
  127  5:44  Roach  
  127  5:46  Overlord  
  127  5:48  Roach  
  131  5:50  Roach  
  131  5:52  Roach  
  131  5:55  Roach  
  137  5:58  Overlord  
  137  6:00  Ravager  
  138  6:07  Roach  
  138  6:08  Roach x3  
  146  6:17  Nydus Canal  
  146  6:19  Roach x5  
  146  6:23  Overlord  
  152  6:25  Nydus Canal  
  152  6:26  Roach x2  
  152  6:28  Roach x2  
  152  6:33  Roach  
  152  6:35  Nydus Canal  
  152  6:38  Overlord  
  152  6:39  Overlord  
  154  6:45  Roach  
  154  6:46  Roach x3  
  162  6:49  Nydus Canal  
  162  6:52  Roach  
  162  7:01  Overlord  
  162  7:04  Roach x7  
  162  7:08  Roach x3  
  178  7:11  Overlord x2  
  178  7:20  Hatchery  
  178  7:22  Drone, Extractor  
  171  7:31  Roach x5  
  171  7:34  Roach x2  
  175  7:37  Zerg Missile Weapons Level 2  
  175  7:41  Roach x4  
  155  7:44  Roach  
  153  7:52  Roach x5  
  153  7:57  Drone x4  
  165  8:00  Roach x3  
  165  8:03  Roach x3  
  171  8:13  Drone, Roach x3  
  171  8:14  Ravager x2  
  171  8:15  Ravager  
  172  8:26  Roach x6  
  157  8:32  Roach x4  
  143  8:42  Roach x5  
  143  8:45  Extractor  
  143  8:46  Roach  
  143  8:47  Roach  
  156  8:50  Overseer  
  156  8:52  Overseer  
  156  8:53  Pneumatized Carapace  
  156  8:55  Ravager x3  
  159  8:56  Ravager  
  159  8:57  Drone x3  
  159  8:59  Drone x2  
  159  9:00  Drone, Extractor  
  159  9:02  Drone  
  166  9:03  Drone  
  166  9:07  Overseer  
  166  9:09  Roach x3  
  172  9:22  Roach x6  
  177  9:27  Drone x4  
  177  9:28  Drone  
  179  9:31  Drone  
  179  9:32  Drone x2  
  179  9:35  Ravager  
  179  9:37  Infestation Pit  
  181  9:39  Roach  
  181  9:41  Nydus Canal  
  183  9:50  Roach  
  183  9:51  Roach x4  
  193  10:04  Nydus Canal  
  193  10:05  Roach x3  
  197  10:08  Roach  
  197  10:09  Roach  
  197  10:11  Roach  
  197  10:13  Roach x4  
  179  10:24  Roach x9  
  182  10:29  Roach  
  182  10:30  Roach  
  174  10:37  Roach  
  174  10:38  Roach x3  
  173  10:48  Roach x5  
  179  10:50  Ravager  
  179  10:54  Drone x3  
  179  10:55  Drone x2  
  184  10:57  Ravager x2  
  184  10:58  Ravager  
  184  10:59  Roach x2  
  188  11:08  Roach  
  188  11:09  Roach x3  
  196  11:14  Roach x2  
  196  11:22  Roach  
  196  11:23  Roach x4  
  194  11:29  Roach x4  
  182  11:36  Roach x3  
Tags
 
Add a new tag
Caveats
  • Supply blocks, unpowered buildings, or Contaminate may cause inaccurate times.
  • Supply counts are checked every 10 seconds.